 Dungeon Crawl Stone Soup version 0.32-a0-699-g1ee5eff69a (webtiles) character file.

Game seed: 11098271545999608145

26045 croobank the Covert (level 12, 0/67 HPs)
             Began as a Felid Delver on Mar 13, 2024.
             Was a Follower of Kikubaaqudgha.
             Succumbed to a cane toad's poison
             ... on level 1 of the Lair of Beasts.
             The game lasted 01:04:41 (18057 turns).

croobank the Covert (Felid Delver)                 Turns: 18057, Time: 01:04:41

Health: 0/67       AC:  3    Str:  7    XL:     12   Next: 94%
Magic:  19/25      EV: 26    Int: 22    God:    Kikubaaqudgha [*.....]
Gold:   468        SH:  0    Dex: 24    Spells: 19/28 levels left
                                        Lives:  0   Deaths: 4

rFire   + .          .
                       - Unarmed
rCold   + + .        (shield unavailable)
rNeg    . . .        (body armour unavailable)
rPois   .            (helmet unavailable)
rElec   .            (cloak unavailable)
rCorr   .            (gloves unavailable)
SInv    +            (boots unavailable)
Will    ++...        r - amulet "Rofisage" {RegenMP+ Str+4 Dex+5}
Stlth   +++++        f - ring of protection from fire
HPRegen 0.31/turn    k - ring of the Modern Dances {rC+ Will+ Str-5 Int+4 Slay+3}
MPRegen 0.59/turn

%: no passive effects
@: lethally poisoned (0 -> -6)
A: very small, claws 1, fangs 3, see invisible, shaggy fur 3, stealthy paws, no
weapons or thrown items, no armour, multi-lived
a: Renounce Religion, Unearth Wretches


You were on level 1 of the Lair of Beasts.
You worshipped Kikubaaqudgha.
Kikubaaqudgha was aware of your devotion.
You visited 3 branches of the dungeon, and saw 13 of its levels.

You collected 649 gold pieces.
You spent 181 gold pieces at shops.

Inventory:

Jewellery
 f - a ring of protection from fire (left paw)
 k - the ring of the Modern Dances (right paw) {rC+ Will+ Str-5 Int+4 Slay+3}
   (You acquired it on level 2 of the Lair of Beasts)

   [ring of protection from cold]

   Str-5:     It affects your strength (-5).
   Int+4:     It affects your intelligence (+4).
   Slay+3:    It affects your accuracy & damage with ranged weapons and melee
   (+3).
   rC+:       It protects you from cold.
   Will+:     It increases your willpower.
 r - the amulet "Rofisage" (around neck) {RegenMP+ Str+4 Dex+5}
   (You found it on level 7 of the Dungeon)

   [amulet of magic regeneration]

   It increases your rate of magic regeneration.
   Str+4:     It affects your strength (+4).
   Dex+5:     It affects your dexterity (+5).
   RegenMP+:  It increases your rate of magic regeneration.
Wands
 e - a wand of digging (9)
 n - a wand of light (3)
 p - a wand of warping (21)
 t - a wand of polymorph (6)
Scrolls
 a - a scroll of fog
 j - a scroll of blinking
 m - a scroll of amnesia
 q - 2 scrolls of poison
 v - a scroll of noise
Potions
 b - 2 potions of mutation
 d - a potion of magic
 g - 2 potions of attraction
 h - 2 potions of cancellation
 i - 2 potions of might
 l - 3 potions of brilliance
 o - 2 potions of lignification
 s - 2 potions of invisibility
 x - a potion of resistance {unknown}


   Skills:
 + Level 9.4 Fighting
 - Level 10.0 Dodging
 - Level 10.0 Stealth
 + Level 9.0 Unarmed Combat
 * Level 8.6 Spellcasting
 * Level 8.4 Hexes
 * Level 6.5 Necromancy
 - Level 6.0 Fire Magic


You had 19 spell levels left.
You knew the following spells:

 Your Spells              Type           Power      Damage    Failure   Level
a - Anguish               Hex/Necr       21%        N/A       3%          4
b - Scorch                Fire           72%        2d8       1%          2
c - Fugue of the Fallen   Necr           38%        N/A       1%          3

Your spell library contained the following spells:

 Spells                   Type           Power      Damage    Failure   Level
 Necrotise                Necr           100%       1d9       1%          1
 Sublimation of Blood     Necr           38%        N/A       1%          2
 Vampiric Draining        Necr           38%        2d8       1%          3
 Volatile Blastmotes      Fire/Tloc      44%        2d13      6%          3
 Curse of Agony           Necr           38%        N/A       14%         5
 Martyr's Knell           Necr/Summ      23%        N/A       19%         4
 Flame Wave               Conj/Fire      22%        2d8       21%         4
 Metabolic Englaciation   Hex/Ice        14%        N/A       34%         5
 Yara's Violent Unravell  Hex/Alch       14%        3d7       34%         5
 Airstrike                Air            4%         2d(1-17)  56%         4
 Fulminant Prism          Conj/Alch      4%         3d5       56%         4
 Iskenderun's Mystic Bla  Conj/Tloc      9%         2d4       56%         4
 Leda's Liquefaction      Alch/Erth      4%         N/A       56%         4
 Petrify                  Alch/Erth      9%         N/A       56%         4
 Vhi's Electric Charge    Tloc/Air       18%        N/A       56%         4
 Arcjolt                  Conj/Air       4%         1d14      89%         5
 Plasma Beam              Fire/Air       11%        2x1d22    97%         6
 Summon Cactus Giant      Summ           4%         N/A       100%        6
 Dimensional Bullseye     Hex/Tloc       Unusable   N/A       N/A         4

Dungeon Overview and Level Annotations

Branches:
Dungeon (10/15)            Temple (1/1) D:5            Lair (2/5) D:8
    Orc (0/2) D:10
  Swamp: Lair:2-3    Shoals: Lair:2-3     Snake: Lair:2-3    Spider: Lair:2-3

Altars:
Ashenzari
Cheibriados
Dithmenos
Elyvilon
Fedhas
Gozag
Hepliaklqana
Kikubaaqudgha
Makhleb
Nemelex Xobeh
Okawaru
Qazlal
Ru
Sif Muna
Trog
Uskayaw
Vehumet
Wu Jian
Xom
Yredelemnul
Zin
The Shining One

Shops:
D:7 *[*

Annotations:
D:10 3 runed translucent doors, xianbchi's ghost, journeyman VSAE


Innate Abilities, Weirdness & Mutations

You have sharp claws.
You have razor-sharp teeth.
You have supernaturally acute eyesight. (SInv)
Your thick and shaggy fur keeps you warm. (AC +3, rC+)
Your paws help you pounce on unaware monsters.
You are incapable of wielding weapons or throwing items.
You cannot wear armour.
You gain extra lives every three experience levels.


Message History

You are poisoned.
The cane toad poisons you!
You feel very sick. The cane toad completely misses you.
Casting: Scorch (safe; 1% risk of failure)
Confirm with . or Enter, or press ? or * to list all spells.
Flames lash the blink frog.
The blink frog is moderately wounded.
The blink frog's fire resistance burns away.
You feel sick. The cane toad stings you!!
* * * LOW HITPOINT WARNING * * *
The cane toad completely misses you.
Okay, then.
Okay, then.
Unknown command.
Okay, then.
Okay, then.
Okay, then.
Okay, then.
Okay, then.
Okay, then.
Casting: Scorch (safe; 1% risk of failure)
Confirm with . or Enter, or press ? or * to list all spells.
Okay, then.
Blink to where?
Press: ? - help, Dir - move target
As you read the scroll of blinking, it crumbles to dust.
* * * LOW HITPOINT WARNING * * *
You feel sick.
It was a potion of experience.
You feel more experienced!
Your Unarmed Combat skill increases to level 9!
Your Spellcasting skill increases to level 8!
Your Hexes skill gained 2 levels and is now at level 8!
Your Necromancy skill increases to level 6!
You have reached level 12!
You feel agile.
Your thick fur grows shaggy and warm.
You die...
Kikubaaqudgha rasps: You have failed me!
Welcome... death!

......................###..###...
.......................##### #...
........................# ##...
......................### #..##
...........[..........# #....
.....................## ##...
.....>............>.P# ##..
...................### #...
..(.............@..# ###.
..................## #..
..................# #..
...............#..## #..
...............##..## ###
........##..F...#...# ###.
#.#.#P..#...........### #...
#..###..>F............### ####..
###..#...........P......# ##.#...


You could see a cane toad (combustible) and a blink frog (combustible).

Vanquished Creatures
  A two-headed ogre (D:8)
  A black mamba (Lair:1)
  2 gargoyles
  An orange demon (Lair:2)
  6 komodo dragons
  2 cane toads
  A kobold demonologist (D:10)
  2 trolls
  A hornet (D:7)
  3 blink frogs (Lair:2)
  A shadow (D:9)
  A basilisk (Lair:1)
  17 yaks
  Eustachio (D:5)
  5 wyverns
  2 steam dragons (D:8)
  4 water moccasins (Lair:1)
  2 orc warriors
  3 black bears
  An ice beast (D:5)
  2 ogres
  12 wolves
  6 phantoms
  2 kobold brigands
  3 bullfrogs
  A gnoll sergeant (D:5)
  2 scorpions (D:4)
  5 wights
  6 killer bees
  3 electric eels (D:8)
  2 howler monkeys
  2 bombardier beetles
  8 hounds
  An orc priest (D:7)
  2 gnoll boudas
  Terence (D:2)
  4 iguanas
  6 orc wizards
  A sleepcap (D:8)
  Natasha (thrice) (D:2)
  4 scorpion zombies (D:6)
  7 hell rats
  13 gnolls
  3 howler monkey skeletons (D:6)
  8 adders
  3 white imps
  4 ufetubi (D:6)
  3 ribbon worms
  A dart slug (D:1)
  29 orcs
  7 ball pythons
  3 bats
  7 endoplasms
  3 giant cockroaches
  7 goblins
  5 hobgoblins
  11 kobolds
  5 quokkas
  3 frilled lizards
  4 rats
259 creatures vanquished.

Vanquished Creatures (others)
  Amaemon (Lair:2)
  A human (D:9)
2 creatures vanquished.

Grand Total: 261 creatures vanquished

Notes
Turn   | Place    | Note
-------+----------+-------------------------------------------
     0 | D:5      | croobank the Felid Delver began the quest for the Orb.
     0 | D:5      | Reached XP level 1. HP: 12/12 MP: 2/2
    32 | D:6      | Noticed an ogre
    32 | D:6      | Noticed a gnoll bouda
   281 | D:2      | Slain by a ribbon worm
   281 | D:2      | Lost a life (0 lives remaining)
   286 | D:2      | Reached XP level 2. HP: 16/16 MP: 3/3
   942 | D:1      | Reached XP level 3. HP: 20/20 MP: 4/4
  1404 | D:2      | Noticed Terence
  1409 | D:2      | Killed Terence
  1434 | D:2      | Reached XP level 4. HP: 24/24 MP: 5/5
  1434 | D:2      | Gained a life (1 life remaining)
  2058 | D:2      | Noticed Natasha
  2064 | D:2      | Killed Natasha
  2065 | D:2      | Reached XP level 5. HP: 29/29 MP: 6/6
  2290 | D:2      | Noticed Natasha
  2299 | D:2      | Killed Natasha
  2604 | D:2      | Noticed Natasha
  2622 | D:2      | Killed Natasha
  2701 | D:3      | Found a shimmering blue altar of Sif Muna.
  2704 | D:3      | Found an opulent altar of Gozag.
  2706 | D:3      | Found a basalt altar of Yredelemnul.
  2710 | D:3      | Found a snail-covered altar of Cheibriados.
  2821 | D:3      | Got the Commentary on Misty Doom
  3095 | D:4      | Noticed a phantom
  3109 | D:4      | Killed a phantom
  3110 | D:4      | Gained mutation: You are covered in thick fur. (AC +2)
                  | [Felid growth]
  3110 | D:4      | Reached XP level 6. HP: 19/33 MP: 7/7
  3170 | D:4      | Noticed a wyvern
  3350 | D:4      | Reached skill level 5 in Dodging
  3530 | D:4      | Killed a wyvern
  3531 | D:4      | Reached XP level 7. HP: 15/38 MP: 8/8
  3531 | D:4      | Gained a life (2 lives remaining)
  3797 | D:4      | Reached skill level 5 in Fighting
  4415 | D:5      | Reached XP level 8. HP: 44/44 MP: 9/9
  4428 | D:5      | Noticed Eustachio
  4451 | D:5      | Reached skill level 5 in Unarmed Combat
  4470 | D:5      | Killed Eustachio
  4818 | D:5      | Reached skill level 10 in Stealth
  5162 | D:5      | Found a staircase to the Ecumenical Temple.
  5176 | Temple   | Entered the Ecumenical Temple
  6220 | D:6      | HP: 1/45 [gnoll sergeant/+7 spear of freezing (7)]
  6396 | D:6      | Learned a level 2 spell: Scorch
  6407 | D:5      | HP: 1/45 [gnoll sergeant/+7 spear of freezing (16)]
  6407 | D:5      | Mangled by a gnoll sergeant
  6407 | D:5      | Lost a life (1 life remaining)
  6575 | D:6      | Reached skill level 1 in Spellcasting
  6575 | D:6      | Reached skill level 1 in Fire Magic
  6749 | D:6      | Found a shadowy altar of Dithmenos.
  6981 | D:6      | Reached XP level 9. HP: 35/45 MP: 4/12
  8350 | D:7      | Found Quiw's Assorted Antiques.
  8357 | D:7      | Paralysed by a hornet for 3 turns
  8363 | D:7      | Paralysed by a hornet for 1 turns
  8366 | D:7      | HP: 2/49 [poisoned by a hornet]
  8472 | D:7      | Bought a glowing green potion for 27 gold pieces
  8513 | D:7      | Found Orox Pucw's General Store.
  8521 | D:7      | Bought a potion of might for 44 gold pieces
  8521 | D:7      | Bought a scroll of identify for 22 gold pieces
  8521 | D:7      | Bought a potion of invisibility for 88 gold pieces
  9133 | D:7      | Identified the amulet "Rofisage" {RegenMP+ Str+4 Dex+5}
  9196 | D:7      | Identified the +11 dagger of Okawaru's Pride {protect, rC+}
  9417 | D:7      | Found Kuarox's Armour Shoppe.
  9561 | D:7      | Found a bloodstained altar of Trog.
  9712 | D:7      | Noticed a gargoyle
  9716 | D:7      | Found a faded altar of an unknown god.
  9717 | D:7      | Found a hazy altar of Hepliaklqana.
  9719 | D:7      | Killed a gargoyle
  9882 | D:7      | Found a glowing silver altar of Zin.
  9882 | D:7      | Noticed an angel
 10148 | D:8      | Found a staircase to the Lair.
 10726 | D:8      | Reached XP level 10. HP: 34/55 MP: 6/17
 10726 | D:8      | Gained a life (2 lives remaining)
 11340 | D:8      | Noticed a two-headed ogre
 11347 | D:8      | Killed a two-headed ogre
 11447 | D:8      | Found a sparkling altar of Nemelex Xobeh.
 11575 | D:8      | Found a radiant altar of Vehumet.
 11989 | D:8      | Reached skill level 5 in Fire Magic
 12138 | D:8      | Reached skill level 5 in Spellcasting
 12538 | D:9      | Found an ancient bone altar of Kikubaaqudgha.
 12546 | D:9      | Became a worshipper of Kikubaaqudgha
 13258 | D:9      | Noticed a gargoyle
 13273 | D:9      | Killed a gargoyle
 13274 | D:9      | Reached skill level 10 in Dodging
 13468 | D:10     | Entered Level 10 of the Dungeon
 13488 | D:10     | Found a runed translucent gate.
 13488 | D:10     | Found a runed translucent gate.
 13488 | D:10     | Found a runed translucent gate.
 13490 | D:10     | Noticed a nine-headed hydra
 13492 | D:10     | Noticed xianbchi's ghost (journeyman VSAE)
 13493 | D:10     | Noticed a ten-headed hydra
 13527 | D:10     | Found a staircase to the Orcish Mines.
 13870 | D:10     | Identified the +2 whip "Arghifui" {holy, Str+4 Stlth-}
 13897 | D:10     | Reached skill level 1 in Necromancy
 14208 | Lair:1   | Entered Level 1 of the Lair of Beasts
 14213 | Lair:1   | Reached XP level 11. HP: 60/60 MP: 21/21
 14461 | Lair:1   | Learned a level 4 spell: Anguish
 14768 | Lair:1   | Reached skill level 1 in Hexes
 14819 | Lair:1   | Slain by a hell rat
 14819 | Lair:1   | Lost a life (1 life remaining)
 15065 | Lair:1   | Reached * piety under Kikubaaqudgha
 15065 | Lair:1   | Received a gift from Kikubaaqudgha
 15070 | Lair:1   | Learned a level 3 spell: Fugue of the Fallen
 15190 | D:8      | Demolished by a komodo dragon
 15190 | D:8      | Lost a life (0 lives remaining)
 16372 | Lair:2   | Noticed Amaemon
 16394 | Lair:2   | Killed Amaemon
 16406 | Lair:2   | Reached skill level 5 in Hexes
 16858 | Lair:2   | Identified a scroll of acquirement
 16858 | Lair:2   | Acquired the ring of the Modern Dances {rC+ Will+ Str-5
                  | Int+4 Slay+3}
 17330 | Lair:2   | Reached skill level 5 in Necromancy
 18056 | Lair:1   | HP: 2/62 [poisoned by a cane toad]
 18057 | Lair:1   | Gained mutation: Your thick and shaggy fur keeps you warm.
                  | (AC +3, rC+) [Felid growth]
 18057 | Lair:1   | Reached XP level 12. HP: 2/67 MP: 18/25
 18057 | Lair:1   | Succumbed to a cane toad's poison

Illustrated notes

Levels and vault maps discovered:
D:1:      nicolae_arrival_memento_mori, layout_basic
D:2:      layout_basic, uniq_natasha, uniq_terence
D:3:      layout_rooms, minitemple, minmay_misc_feat_diagonals
D:4:      minmay_skewed_foursquare, layout_basic
D:5:      layout_loops_cross, minmay_temple_entry_offerings, uniq_eustachio
D:6:      layout_basic, mainiacjoe_overflow_alcove_2,
          mainiacjoe_ossuary_entry_find_the_door
D:7:      layout_loops_ring, beargit_hepliaklqana_dungeon_heroes, zin_angel,
          trog_book, serial_shops, shop_fountains, shop, nicolae_diamond_shop,
          hangedman_decor_push, glass_columns_a
D:8:      layout_basic, nemelex_altar_shiori, kennysheep_little_box,
          erik_lair_island, nicolae_concentric_dashed_squares_wild
D:9:      layout_loops_corners, tgw_kikubaaqudgha
D:10:     hangedman_cross_cluster, layout_irregular_city,
          kennysheep_orc_monster_closet_entryway, gammafunk_ghost_hydra_chop,
          uniq_maurice
Temple:   chequers_temple_sunken
Lair:1:   layout_cave_shapes, nicolae_volcano_entry_s_turn, beast_lair_carwin_11
Lair:2:   layout_small_grid, grunt_megastairs_5, uniq_amaemon

Skill      XL: |  1  2  3  4  5  6  7  8  9 10 11 |
---------------+----------------------------------+-----
Dodging        | 3 4 5 6 8 9 10 | 10.0
Stealth        | 7 8 9 10 | 10.0
Unarmed Combat | 3 4 6 7 9 |  9.0
Fighting       | 4 5 6 7 8 9 |  9.4
Spellcasting   | 1 4 6 8 |  8.6
Fire Magic     | 1 4 6 |  6.0
Necromancy     | 1 6 |  6.5
Hexes          | 8 |  8.4

Action                     |  1- 3 |  4- 6 |  7- 9 | 10-12 || total
---------------------------+-------+-------+-------+-------++-------
  Melee: Unarmed           |    69 |   145 |   325 |   181 ||   720
         Bite              |     5 |    12 |    46 |    26 ||    89
         Punch             |       |     2 |    21 |     7 ||    30
   Cast: Scorch            |       |       |   117 |   182 ||   299
         Anguish           |       |       |       |    10 ||    10
         Fugue of the Fall |       |       |       |     2 ||     2
  Evoke: Wand              |       |       |       |    17 ||    17
    Use: Scroll            |     2 |     9 |     5 |    15 ||    31
         Potion            |     1 |     5 |     2 |     3 ||    11
   Stab: Sleeping          |    12 |    12 |    15 |    13 ||    52
         Distracted        |       |     1 |     1 |       ||     2
         Paralysed         |       |       |       |     3 ||     3
         Invisible         |       |       |       |     7 ||     7
 Armour: Skin              |    22 |    50 |   121 |    92 ||   285
  Dodge: Dodged            |    34 |   123 |   405 |   419 ||   981

Table legend: (Time is in decaauts)
 A = Elapsed time spent in this place.
 B = Non-inter-level travel time spent in this place.
 C = Inter-level travel time spent in this place.
 D = Time resting spent in this place.
 E = Time spent auto-exploring this place.
 F = Levels seen in this place.
 G = Mean time per level.
                   A        B        C        D        E       F      G
               +--------+--------+--------+--------+--------+-----+--------+
         Total |  18042 |  17417 |    625 |   7725 |   5490 |  13 | 1387.8 |
       Dungeon |  14989 |  14381 |    608 |   6253 |   4795 |  10 | 1498.9 |
        Temple |     57 |     57 |      0 |      0 |      0 |   1 |   57.0 |
          Lair |   2995 |   2979 |     16 |   1472 |    695 |   2 | 1497.5 |
               +--------+--------+--------+--------+--------+-----+--------+

Top non-repeatable levels by time:
     D:8: 3181 daAuts
     D:6: 2292 daAuts
     D:5: 1845 daAuts
     D:7: 1733 daAuts
  Lair:1: 1696 daAuts
     D:9: 1376 daAuts
  Lair:2: 1298 daAuts
     D:2: 1268 daAuts
     D:1: 1176 daAuts
     D:4: 1157 daAuts
     D:3: 511 daAuts
    D:10: 446 daAuts
  Temple: 57 daAuts
